 Dungeon Crawl Stone Soup version 0.27.1-34-g3ba077fa99 (webtiles) character file.

Game seed: 17035226034176965340

282 raph the Grasshopper (level 6, -2/50 HPs)
             Began as a Gnoll Warper on Jan 9, 2022.
             Was a Follower of Elyvilon.
             Slain by an ice beast (9 damage)
             ... on level 4 of the Dungeon.
             The game lasted 00:07:11 (4700 turns).

raph the Grasshopper (Gnoll Warper)                 Turns: 4700, Time: 00:07:12

Health: -2/50      AC:  3    Str: 12    XL:     6   Next: 28%
Magic:  11/14      EV: 13    Int: 12    God:    Elyvilon [*.....]
Gold:   90         SH:  0    Dex: 12    Spells: 4/15 levels left

rFire    . . .     SeeInvis .   a - +1 falchion
rCold    . . .     Faith    .   (no shield)
rNeg     . . .     Spirit   .   b - +0 leather armour
rPois    .         Reflect  .   (no helmet)
rElec    .         Harm     .   (no cloak)
rCorr    .         Rampage  .   (no gloves)
Will     .....                  (no boots)
Stlth    ++........             (no amulet)
HPRegen  0.16/turn              (no ring)
MPRegen  0.14/turn              (no ring)

@: no status effects
A: fangs 1, strong nose, distributed training
a: Renounce Religion, Lesser Healing, Divine Protection


You were on level 4 of the Dungeon.
You worshipped Elyvilon.
Elyvilon was aware of your devotion.
You visited 1 branch of the dungeon, and saw 4 of its levels.

You collected 90 gold pieces.

Inventory:

Hand Weapons
 a - a +1 falchion (weapon)
Missiles
 e - a boomerang (quivered)
Armour
 b - a +0 leather armour (worn)
Scrolls
 c - a scroll of blinking
 f - 2 scrolls of fog
 g - 2 scrolls of amnesia
Potions
 h - a potion of flight {unknown}
 i - 2 potions of curing
 j - a potion of berserk rage {unknown}


   Skills:
 + Level 4.9 Fighting
 + Level 1.9 Short Blades
 + Level 4.9 Long Blades
 + Level 1.9 Axes
 + Level 1.9 Maces & Flails
 + Level 1.9 Polearms
 + Level 1.9 Staves
 + Level 1.9 Slings
 + Level 1.9 Bows
 + Level 1.9 Crossbows
 + Level 3.2 Throwing
 + Level 3.2 Armour
 + Level 4.9 Dodging
 + Level 1.9 Stealth
 + Level 1.9 Shields
 + Level 1.9 Unarmed Combat
 + Level 5.3 Spellcasting
 + Level 1.5 Conjurations
 + Level 1.5 Hexes
 + Level 1.5 Summonings
 + Level 1.5 Necromancy
 + Level 5.6 Translocations
 + Level 1.5 Transmutations
 + Level 1.5 Fire Magic
 + Level 1.5 Ice Magic
 + Level 1.5 Air Magic
 + Level 1.5 Earth Magic
 + Level 1.5 Poison Magic
 + Level 2.1 Invocations
 + Level 1.9 Evocations


You had 4 spell levels left.
You knew the following spells:

 Your Spells              Type           Power      Damage    Failure   Level
a - Blink                 Tloc           N/A        N/A       3%          2
b - Gell's Gravitas       Tloc           8%         N/A       7%          3
c - Lesser Beckoning      Tloc           8%         N/A       7%          3
d - Teleport Other        Tloc           16%        N/A       7%          3

Your spell library contained the following spells:

 Spells                   Type           Power      Damage    Failure   Level
 Ensorcelled Hibernation  Hex/Ice        12%        N/A       21%         2
 Spider Form              Tmut/Pois      3%         N/A       36%         3
 Manifold Assault         Tloc           16%        N/A       54%         5
 Shadow Creatures         Summ           N/A        N/A       100%        6


Dungeon Overview and Level Annotations

Branches:
Dungeon (4/15)
 Temple: D:4-7

Altars:
Elyvilon

Shops:
D:2 (

Annotations:
D:3 Sigmund
D:4 exclusion: upstairs


Innate Abilities, Weirdness & Mutations

You have very sharp teeth.
Your uncanny sense of smell can sniff out nearby items.
Your experience applies equally to all skills.


Message History

Throw: boomerang
Press: ? - help, Shift-Dir - straight line, f/p - ice beast
Aim: an ice beast (heavily wounded, 60% to hit)
You throw a boomerang.
The boomerang closely misses the ice beast.
Throw: 4 boomerangs (disperse)
Press: ? - help, Q - select action, (/) - cycle Shift-Dir - straight line, f/p - ice beast
Aim: an ice beast (heavily wounded, 60% to hit)
You throw a boomerang of dispersal.
The boomerang of dispersal closely misses the ice beast.
The ice beast misses you.
Throw: 3 boomerangs (disperse)
Press: ? - help, Q - select action, (/) - cycle Shift-Dir - straight line, f/p - ice beast
Aim: an ice beast (heavily wounded, 60% to hit)
You throw a boomerang of dispersal.
The boomerang of dispersal completely misses the ice beast.
The ice beast hits you but does no damage.
Throw: 2 boomerangs (disperse)
Press: ? - help, Q - select action, (/) - cycle Shift-Dir - straight line, f/p - ice beast
Aim: an ice beast (heavily wounded, 60% to hit)
You throw a boomerang of dispersal.
The boomerang of dispersal hits the ice beast!
The ice beast blinks!
The ice beast is almost dead.
Throw: boomerang (disperse)
Press: ? - help, Q - select action, (/) - cycle Shift-Dir - straight line, f/p - ice beast
Aim: an ice beast (almost dead, 60% to hit)
You throw a boomerang of dispersal.
The boomerang of dispersal hits the ice beast but does no damage.
The ice beast is almost dead.
You closely miss the ice beast.
The ice beast is severely wounded.
The ice beast hits you.
* * * LOW HITPOINT WARNING * * *
The ice beast freezes you.
* * * LOW HITPOINT WARNING * * *
The ice beast hits you.
* * * LOW HITPOINT WARNING * * *
The ice beast freezes you!
You die...

........###
.......([.####
..............#.
#..............
#............#
#............#
##...........##
#.........§...#
.#....!..Y@..#
#...†......## ∆
##.......### ####
#........####..###
##...###..##.....####
#..## ##...........##
. ### ##............#
.# #.....†.......#..#
#................#


You could see an ice beast.

Vanquished Creatures
  A howler monkey (D:4)
  A hound (D:4)
  Jessica (D:3)
  Natasha (D:2)
  6 adders (D:2)
  3 river rats (D:3)
  4 dart slugs
  5 bats
  6 endoplasms
  7 giant cockroaches
  12 goblins
  6 hobgoblins
  A jackal (D:3)
  4 kobolds
  2 quokkas
  9 ball pythons
  3 frilled lizards
  7 rats
79 creatures vanquished.

Notes
Turn   | Place    | Note
-------+----------+-------------------------------------------
     0 | D:1      | raph the Gnoll Warper began the quest for the Orb.
     0 | D:1      | Reached XP level 1. HP: 20/20 MP: 6/6
   393 | D:1      | Reached XP level 2. HP: 26/26 MP: 7/7
  1016 | D:1      | Reached XP level 3. HP: 21/30 MP: 9/9
  1030 | D:1      | Reached skill level 5 in Spellcasting
  1393 | D:1      | Learned a level 2 spell: Blink
  1777 | D:2      | Reached skill level 1 in Invocations
  2010 | D:2      | Reached skill level 1 in Short Blades
  2010 | D:2      | Reached skill level 1 in Axes
  2010 | D:2      | Reached skill level 1 in Maces & Flails
  2010 | D:2      | Reached skill level 1 in Polearms
  2010 | D:2      | Reached skill level 1 in Staves
  2010 | D:2      | Reached skill level 1 in Slings
  2010 | D:2      | Reached skill level 1 in Bows
  2010 | D:2      | Reached skill level 1 in Crossbows
  2010 | D:2      | Reached skill level 1 in Stealth
  2010 | D:2      | Reached skill level 1 in Shields
  2010 | D:2      | Reached skill level 1 in Unarmed Combat
  2010 | D:2      | Reached skill level 1 in Evocations
  2047 | D:2      | Reached XP level 4. HP: 34/38 MP: 11/11
  2195 | D:2      | Found Yllaimau's Weapon Emporium.
  2469 | D:2      | Noticed Natasha
  2475 | D:2      | Learned a level 3 spell: Gell's Gravitas
  2479 | D:2      | Learned a level 3 spell: Lesser Beckoning
  2483 | D:2      | Learned a level 3 spell: Teleport Other
  2485 | D:2      | Found a white marble altar of Elyvilon.
  2501 | D:2      | Killed Natasha
  2502 | D:2      | Reached skill level 1 in Conjurations
  2502 | D:2      | Reached skill level 1 in Hexes
  2502 | D:2      | Reached skill level 1 in Summonings
  2502 | D:2      | Reached skill level 1 in Necromancy
  2502 | D:2      | Reached skill level 1 in Transmutations
  2502 | D:2      | Reached skill level 1 in Fire Magic
  2502 | D:2      | Reached skill level 1 in Ice Magic
  2502 | D:2      | Reached skill level 1 in Air Magic
  2502 | D:2      | Reached skill level 1 in Earth Magic
  2502 | D:2      | Reached skill level 1 in Poison Magic
  2598 | D:2      | Became a worshipper of Elyvilon the Healer
  2951 | D:2      | Reached XP level 5. HP: 11/43 MP: 12/12
  3679 | D:3      | Reached * piety under Elyvilon
  3718 | D:3      | Noticed Jessica
  3731 | D:3      | Killed Jessica
  4626 | D:3      | Noticed Sigmund
  4647 | D:4      | Reached XP level 6. HP: 50/50 MP: 11/13
  4674 | D:4      | Noticed an ice beast
  4700 | D:4      | Slain by an ice beast

Illustrated notes

Levels and vault maps discovered:
D:1:      sevenhm_arrival_forest_fort_small_3, layout_loops_ring
D:2:      minmay_skewed_foursquare, layout_basic, basic_altar, serial_shops,
          nicolae_shop_behind_doors, uniq_natasha
D:3:      minmay_thinvault, layout_basic, portal_sewer_entry_b,
          hangedman_decor_peaks_small, uniq_jessica, uniq_sigmund
D:4:      layout_cave_pods, nicolae_ossuary_entry_false_entrances

Skill      XL: |  1  2  3  4  5 |
---------------+----------------+-----
Spellcasting   | 5 |  5.3
Invocations    | 1 2 |  2.1
Short Blades   | 1 |  1.9
Axes           | 1 |  1.9
Maces & Flails | 1 |  1.9
Polearms       | 1 |  1.9
Staves         | 1 |  1.9
Slings         | 1 |  1.9
Bows           | 1 |  1.9
Crossbows      | 1 |  1.9
Stealth        | 1 |  1.9
Shields        | 1 |  1.9
Unarmed Combat | 1 |  1.9
Evocations     | 1 |  1.9
Conjurations   | 1 |  1.5
Hexes          | 1 |  1.5
Summonings     | 1 |  1.5
Necromancy     | 1 |  1.5
Transmutations | 1 |  1.5
Fire Magic     | 1 |  1.5
Ice Magic      | 1 |  1.5
Air Magic      | 1 |  1.5
Earth Magic    | 1 |  1.5
Poison Magic   | 1 |  1.5
Throwing       | 3 |  3.2
Armour         | 3 |  3.2
Fighting       | |  4.9
Long Blades    | |  4.9
Dodging        | |  4.9
Translocations | |  5.6

Action                   |  1- 3 |  4- 6 || total
-------------------------+-------+-------++-------
Melee: Falchion          |   127 |   157 ||   284
       Bite              |    11 |    12 ||    23
       Punch             |       |     2 ||     2
Throw: Boomerang         |       |     9 ||     9
 Cast: Blink             |       |     4 ||     4
  Use: Scroll            |     3 |     4 ||     7
       Potion            |       |     1 ||     1
 Stab: Sleeping          |     1 |     3 ||     4
Armor: Leather armour    |    28 |    38 ||    66
Dodge: Dodged            |    80 |   114 ||   194
       Rpst.: Falchion   |    18 |    43 ||    61
